[ AOE2 MATCH · #484482220 ]
UnrankedMagyars vs Berbers
[ REPLAY ANALYSIS · EXTRACTED FROM THE RECORDED GAME ]
Feudal
13:30
Castle
17:11
Imperial
—
| APM avg | 20.5 |
| APM peak | 51 |
| eAPM avg | 11.2 |
| Villagers / military | 47 / 10 |
Focus
⚔️ 19.9% · 🌾 80.1%
Magyar Huszar ×10
Feudal
11:28
Castle
—
Imperial
—
| APM avg | 43.9 |
| APM peak | 82 |
| eAPM avg | 21.8 |
| Villagers / military | 66 / 37 |
Focus
⚔️ 43.5% · 🌾 56.5%
Archer ×37
Feudal
13:17
Castle
17:39
Imperial
—
| APM avg | 16.1 |
| APM peak | 31 |
| eAPM avg | 8.3 |
| Villagers / military | 43 / 10 |
Focus
⚔️ 27.0% · 🌾 73.0%
Knight ×8 · Camel Scout ×2
Feudal
17:56
Castle
—
Imperial
—
| APM avg | 27.8 |
| APM peak | 64 |
| eAPM avg | 9.4 |
| Villagers / military | 29 / 0 |
Focus
⚔️ 27.6% · 🌾 72.4%
Feudal
13:54
Castle
17:39
Imperial
—
| APM avg | 56.2 |
| APM peak | 97 |
| eAPM avg | 22.1 |
| Villagers / military | 50 / 22 |
Focus
⚔️ 23.5% · 🌾 76.5%
Archer ×22
Feudal
15:52
Castle
—
Imperial
—
| APM avg | 40.2 |
| APM peak | 155 |
| eAPM avg | 16.9 |
| Villagers / military | 48 / 5 |
Focus
⚔️ 59.2% · 🌾 40.8%
Scout Cavalry ×5
Feudal
13:49
Castle
17:57
Imperial
—
| APM avg | 40.9 |
| APM peak | 83 |
| eAPM avg | 12.7 |
| Villagers / military | 49 / 15 |
Focus
⚔️ 10.2% · 🌾 89.8%
Steppe Lancer ×14 · Scout Cavalry ×1
Feudal
11:26
Castle
—
Imperial
—
| APM avg | 28.3 |
| APM peak | 76 |
| eAPM avg | 12.5 |
| Villagers / military | 40 / 37 |
Focus
⚔️ 33.8% · 🌾 66.2%
Archer ×37
Match map
Initial resources + every placement click. Lines = walls · curves = elevation contours. ◆ gold · ⬟ stone · ● berries · ✦ relic · ◌ wall gap
Your base· Open — unwalled flank
ImperialSheep's base· Open — unwalled flank
dbaz84's base· Open — unwalled flank
BP | Indeleble's base· Open — unwalled flank
Neebs's base· Open — unwalled flank
蓝瑞集团's base· Open — 3t gap
我是好人's base· Open — unwalled flank
Camsera's base· Open — 3t gap
Smoothed initial terrain · ◌ = detected wall gap · hover for details
Inputs per minute
— Wicho - - ImperialSheep
Build order — Wicho
101 actions detected in the replay
| 0:53 | Build | Town Center |
| 2:20 | Build | House |
| 2:21 | Build | House |
| 2:53 | Queue | Villager (Male) |
| 2:53 | Queue | Villager (Male) |
| 2:54 | Queue | Villager (Male) |
| 2:54 | Queue | Villager (Male) |
| 4:12 | Queue | Villager (Male) |
| 4:45 | Queue | Villager (Male) |
| 5:06 | Queue | Villager (Male) |
| 5:07 | Queue | Villager (Male) |
| 5:25 | Build | Lumber Camp |
| 5:59 | Queue | Villager (Male) |
| 6:00 | Queue | Villager (Male) |
| 6:00 | Queue | Villager (Male) |
| 6:42 | Build | House |
| 7:05 | Research | Loom |
| 7:06 | Queue | Villager (Male) |
| 7:07 | Queue | Villager (Male) |
| 7:08 | Queue | Villager (Male) |
| 7:08 | Queue | Villager (Male) |
| 7:38 | Research | Loom |
| 7:46 | Build | House |
| 8:08 | Queue | Villager (Male) |
| 8:44 | Queue | Villager (Male) |
| 8:44 | Queue | Villager (Male) |
| 9:40 | Queue | Villager (Male) |
| 9:40 | Queue | Villager (Male) |
| 9:51 | Build | Palisade Wall |
| 10:18 | Build | Mill |
| 10:23 | Queue | Villager (Male) |
| 10:27 | Build | Palisade Wall |
| 10:50 | Queue | Villager (Male) |
| 11:08 | Research | Feudal Age |
| 11:27 | Build | Palisade Wall |
| 12:00 | Build | Palisade Wall |
| 12:43 | Build | Palisade Wall |
| 12:44 | Build | Palisade Wall |
| 12:47 | Queue | Villager (Male) |
| 12:48 | Queue | Villager (Male) |
| 12:48 | Queue | Villager (Male) |
| 13:09 | Build | Palisade Wall |
| 13:09 | Build | Palisade Wall |
| 13:30 | Age | Feudal Age |
| 13:32 | Build | Market |
| 13:33 | Build | Blacksmith |
| 13:40 | Build | Mining Camp |
| 13:50 | Build | Farm |
| 13:55 | Build | House |
| 14:25 | Build | Palisade Wall |
| 14:31 | Research | Castle Age |
| 14:49 | Build | Outpost |
| 15:14 | Build | Outpost |
| 15:28 | Queue | Villager (Male) |
| 15:45 | Build | Farm |
| 16:13 | Build | Outpost |
| 16:43 | Build | House |
| 17:11 | Build | Outpost |
| 17:11 | Age | Castle Age |
| 17:24 | Build | Castle |
| 17:29 | Build | Palisade Wall |
| 17:33 | Queue | Villager (Male) |
| 17:33 | Queue | Villager (Male) |
| 18:11 | Queue | Villager (Male) |
| 18:26 | Build | Outpost |
| 18:32 | Queue | Villager (Male) |
| 18:50 | Build | Outpost |
| 18:58 | Build | Mill |
| 19:05 | Queue | Magyar Huszar |
| 19:08 | Queue | Villager (Male) |
| 19:08 | Queue | Villager (Male) |
| 19:35 | Queue | Magyar Huszar |
| 19:37 | Queue | Magyar Huszar |
| 20:02 | Queue | Villager (Male) |
| 20:24 | Queue | Villager (Male) |
| 20:39 | Queue | Magyar Huszar |
| 21:00 | Queue | Villager (Male) |
| 21:00 | Queue | Villager (Male) |
| 21:01 | Queue | Villager (Male) |
| 21:25 | Build | Town Center |
| 21:48 | Queue | Villager (Male) |
| 21:52 | Queue | Magyar Huszar |
| 21:53 | Queue | Magyar Huszar |
| 22:33 | Build | House |
| 22:34 | Build | House |
| 22:40 | Queue | Magyar Huszar |
| 22:40 | Queue | Magyar Huszar |
| 22:43 | Queue | Villager (Male) |
| 22:43 | Queue | Villager (Male) |
| 23:11 | Build | Town Center |
| 23:13 | Queue | Villager (Male) |
| 23:14 | Queue | Villager (Male) |
| 23:18 | Build | Palisade Wall |
| 23:32 | Queue | Magyar Huszar |
| 23:34 | Queue | Magyar Huszar |
| 23:52 | Build | Mining Camp |
| 23:53 | Queue | Villager (Male) |
| 23:57 | Queue | Villager (Male) |
| 23:57 | Queue | Villager (Male) |
| 23:59 | Queue | Villager (Male) |
| 24:00 | Queue | Villager (Male) |
Build order — ImperialSheep
First 150 of 153 actions detected
| 0:45 | Build | Town Center |
| 1:30 | Build | House |
| 2:54 | Build | House |
| 3:00 | Queue | Villager (Male) |
| 3:00 | Queue | Villager (Male) |
| 3:00 | Queue | Villager (Male) |
| 3:00 | Queue | Villager (Male) |
| 3:01 | Queue | Villager (Male) |
| 3:11 | Build | House |
| 3:23 | Build | House |
| 4:07 | Queue | Villager (Male) |
| 4:07 | Queue | Villager (Male) |
| 4:31 | Queue | Villager (Male) |
| 4:32 | Queue | Villager (Male) |
| 4:50 | Build | House |
| 4:55 | Queue | Villager (Male) |
| 4:55 | Queue | Villager (Male) |
| 4:58 | Build | House |
| 5:11 | Queue | Villager (Male) |
| 5:22 | Build | Lumber Camp |
| 5:27 | Queue | Villager (Male) |
| 5:27 | Queue | Villager (Male) |
| 5:47 | Queue | Villager (Male) |
| 5:47 | Queue | Villager (Male) |
| 6:05 | Build | House |
| 6:20 | Build | House |
| 6:25 | Queue | Villager (Male) |
| 6:25 | Queue | Villager (Male) |
| 6:38 | Queue | Villager (Male) |
| 6:38 | Queue | Villager (Male) |
| 6:48 | Build | House |
| 7:20 | Queue | Villager (Male) |
| 7:26 | Queue | Villager (Male) |
| 7:31 | Build | House |
| 7:50 | Queue | Villager (Male) |
| 8:27 | Build | Mill |
| 9:18 | Research | Feudal Age |
| 9:18 | Research | Feudal Age |
| 10:18 | Build | Mining Camp |
| 10:48 | Build | Barracks |
| 10:58 | Build | Barracks |
| 11:01 | Queue | Villager (Male) |
| 11:17 | Build | House |
| 11:20 | Queue | Villager (Male) |
| 11:28 | Age | Feudal Age |
| 11:44 | Build | Archery Range |
| 11:46 | Queue | Villager (Male) |
| 11:53 | Research | Loom |
| 11:54 | Queue | Villager (Male) |
| 11:54 | Queue | Villager (Male) |
| 12:09 | Queue | Villager (Male) |
| 12:24 | Queue | Villager (Male) |
| 12:34 | Build | House |
| 12:36 | Build | Palisade Wall |
| 12:38 | Build | Palisade Wall |
| 12:50 | Queue | Archer |
| 12:51 | Queue | Archer |
| 13:01 | Queue | Villager (Male) |
| 13:11 | Build | Watch Tower |
| 13:32 | Queue | Archer |
| 13:36 | Build | Blacksmith |
| 13:45 | Build | House |
| 13:47 | Queue | Villager (Male) |
| 13:55 | Queue | Archer |
| 14:17 | Research | Fletching |
| 14:17 | Research | Fletching |
| 14:19 | Queue | Archer |
| 14:19 | Queue | Archer |
| 14:47 | Queue | Archer |
| 14:48 | Queue | Archer |
| 14:50 | Queue | Villager (Male) |
| 15:12 | Queue | Archer |
| 15:12 | Queue | Archer |
| 15:14 | Queue | Villager (Male) |
| 15:26 | Queue | Villager (Male) |
| 15:43 | Queue | Archer |
| 15:43 | Queue | Archer |
| 15:46 | Queue | Villager (Male) |
| 15:48 | Queue | Villager (Male) |
| 15:48 | Queue | Villager (Male) |
| 15:49 | Build | House |
| 15:54 | Queue | Archer |
| 16:06 | Research | Padded Archer Armor |
| 16:07 | Research | Padded Archer Armor |
| 16:08 | Queue | Archer |
| 16:15 | Build | Archery Range |
| 16:21 | Queue | Archer |
| 16:21 | Queue | Archer |
| 16:33 | Queue | Villager (Male) |
| 16:47 | Queue | Villager (Male) |
| 16:49 | Build | Farm |
| 16:50 | Queue | Villager (Male) |
| 17:07 | Build | House |
| 17:28 | Queue | Villager (Male) |
| 17:31 | Build | Farm |
| 17:44 | Queue | Archer |
| 17:48 | Queue | Villager (Male) |
| 17:49 | Queue | Archer |
| 18:09 | Queue | Archer |
| 18:09 | Queue | Archer |
| 18:27 | Queue | Archer |
| 18:27 | Queue | Archer |
| 18:29 | Queue | Villager (Male) |
| 18:32 | Queue | Villager (Male) |
| 18:36 | Queue | Villager (Male) |
| 18:36 | Queue | Villager (Male) |
| 18:40 | Queue | Archer |
| 18:42 | Queue | Villager (Male) |
| 18:46 | Build | House |
| 18:51 | Queue | Archer |
| 18:53 | Queue | Villager (Male) |
| 18:56 | Build | House |
| 18:57 | Queue | Villager (Male) |
| 19:25 | Queue | Villager (Male) |
| 19:27 | Build | House |
| 19:51 | Queue | Villager (Male) |
| 19:52 | Queue | Archer |
| 19:52 | Queue | Archer |
| 19:56 | Build | Lumber Camp |
| 20:01 | Queue | Villager (Male) |
| 20:03 | Build | House |
| 20:11 | Queue | Archer |
| 20:11 | Queue | Archer |
| 20:20 | Queue | Villager (Male) |
| 20:22 | Build | Farm |
| 20:22 | Build | Farm |
| 20:22 | Build | Farm |
| 20:23 | Build | Farm |
| 20:45 | Queue | Villager (Male) |
| 20:55 | Queue | Villager (Male) |
| 20:57 | Queue | Villager (Male) |
| 20:58 | Queue | Villager (Male) |
| 21:00 | Queue | Archer |
| 21:07 | Queue | Villager (Male) |
| 21:17 | Build | Mill |
| 21:29 | Queue | Villager (Male) |
| 21:38 | Build | Market |
| 21:42 | Queue | Villager (Male) |
| 21:47 | Queue | Villager (Male) |
| 21:52 | Queue | Archer |
| 22:03 | Queue | Villager (Male) |
| 22:13 | Research | Castle Age |
| 22:13 | Queue | Archer |
| 22:14 | Queue | Archer |
| 22:27 | Queue | Archer |
| 22:27 | Queue | Archer |
| 22:32 | Queue | Villager (Male) |
| 22:40 | Research | Double-Bit Axe |
| 22:41 | Queue | Villager (Male) |
| 22:41 | Queue | Villager (Male) |
Build order — dbaz84
91 actions detected in the replay
| 0:07 | Build | Town Center |
| 0:30 | Build | House |
| 2:29 | Queue | Villager (Male) |
| 2:29 | Queue | Villager (Male) |
| 2:29 | Queue | Villager (Male) |
| 2:29 | Queue | Villager (Male) |
| 2:29 | Queue | Villager (Male) |
| 2:30 | Queue | Villager (Male) |
| 3:26 | Queue | Villager (Male) |
| 3:26 | Queue | Villager (Male) |
| 4:06 | Queue | Villager (Male) |
| 4:06 | Queue | Villager (Male) |
| 4:16 | Build | House |
| 4:18 | Queue | Villager (Male) |
| 4:19 | Queue | Villager (Male) |
| 4:51 | Queue | Villager (Male) |
| 4:52 | Queue | Villager (Male) |
| 5:21 | Queue | Villager (Male) |
| 5:22 | Queue | Villager (Male) |
| 5:58 | Build | Lumber Camp |
| 6:05 | Queue | Villager (Male) |
| 6:05 | Queue | Villager (Male) |
| 6:05 | Queue | Villager (Male) |
| 6:06 | Queue | Villager (Male) |
| 6:06 | Queue | Villager (Male) |
| 6:20 | Queue | Villager (Male) |
| 6:35 | Build | House |
| 7:21 | Queue | Villager (Male) |
| 7:21 | Queue | Villager (Male) |
| 7:21 | Queue | Villager (Male) |
| 7:22 | Queue | Villager (Male) |
| 7:22 | Queue | Villager (Male) |
| 8:18 | Queue | Villager (Male) |
| 8:18 | Queue | Villager (Male) |
| 8:28 | Build | House |
| 9:03 | Build | Mill |
| 9:04 | Queue | Villager (Male) |
| 9:49 | Build | House |
| 10:24 | Build | Mill |
| 10:31 | Research | Loom |
| 10:33 | Research | Feudal Age |
| 10:38 | Build | Mill |
| 10:45 | Build | Mining Camp |
| 13:03 | Queue | Villager (Male) |
| 13:03 | Queue | Villager (Male) |
| 13:17 | Age | Feudal Age |
| 13:21 | Build | Market |
| 13:23 | Build | Blacksmith |
| 13:29 | Build | Blacksmith |
| 13:39 | Research | Double-Bit Axe |
| 13:42 | Queue | Villager (Male) |
| 14:16 | Build | House |
| 14:21 | Queue | Villager (Male) |
| 14:50 | Queue | Villager (Male) |
| 15:10 | Research | Castle Age |
| 15:15 | Research | Gold Mining |
| 15:24 | Build | Barracks |
| 15:32 | Research | Horse Collar |
| 16:23 | Research | Scale Barding Armor |
| 16:34 | Build | Stable |
| 16:40 | Queue | Villager (Male) |
| 16:41 | Queue | Villager (Male) |
| 17:20 | Build | Stable |
| 17:39 | Age | Castle Age |
| 17:39 | Queue | Villager (Male) |
| 17:39 | Queue | Villager (Male) |
| 17:41 | Queue | Knight |
| 17:42 | Queue | Knight |
| 17:51 | Research | Bow Saw |
| 17:57 | Research | Gold Shaft Mining |
| 18:23 | Build | House |
| 18:24 | Build | House |
| 18:29 | Queue | Knight |
| 18:36 | Queue | Villager (Male) |
| 18:46 | Research | Husbandry |
| 19:07 | Build | House |
| 19:16 | Queue | Knight |
| 19:34 | Queue | Knight |
| 19:56 | Build | Town Center |
| 20:07 | Queue | Knight |
| 20:38 | Research | Forging |
| 21:02 | Queue | Camel Scout |
| 21:05 | Queue | Camel Scout |
| 21:17 | Queue | Knight |
| 21:18 | Queue | Knight |
| 21:37 | Research | Wheelbarrow |
| 22:46 | Research | Town Watch |
| 23:06 | Queue | Villager (Male) |
| 23:06 | Queue | Villager (Male) |
| 23:06 | Queue | Villager (Male) |
| 23:21 | Build | Town Center |
Build order — BP | Indeleble
46 actions detected in the replay
| 1:47 | Build | Town Center |
| 3:02 | Build | House |
| 3:47 | Build | House |
| 5:42 | Queue | Villager (Male) |
| 5:42 | Queue | Villager (Male) |
| 5:43 | Queue | Villager (Male) |
| 5:43 | Queue | Villager (Male) |
| 5:43 | Queue | Villager (Male) |
| 5:46 | Research | Loom |
| 5:46 | Queue | Villager (Male) |
| 5:48 | Research | Loom |
| 6:13 | Queue | Villager (Male) |
| 6:13 | Queue | Villager (Male) |
| 6:14 | Queue | Villager (Male) |
| 7:41 | Queue | Villager (Male) |
| 7:41 | Queue | Villager (Male) |
| 8:41 | Queue | Villager (Male) |
| 8:41 | Queue | Villager (Male) |
| 8:57 | Queue | Villager (Male) |
| 8:58 | Queue | Villager (Male) |
| 8:58 | Queue | Villager (Male) |
| 9:38 | Build | House |
| 9:57 | Queue | Villager (Male) |
| 10:25 | Queue | Villager (Male) |
| 10:54 | Queue | Villager (Male) |
| 10:54 | Queue | Villager (Male) |
| 11:12 | Build | Mule Cart |
| 11:47 | Queue | Villager (Male) |
| 12:01 | Queue | Villager (Male) |
| 12:28 | Build | House |
| 12:45 | Queue | Villager (Male) |
| 13:38 | Queue | Villager (Male) |
| 14:05 | Queue | Villager (Male) |
| 14:06 | Queue | Villager (Male) |
| 14:44 | Build | Mill |
| 14:46 | Queue | Villager (Male) |
| 15:10 | Build | House |
| 15:15 | Build | Palisade Gate |
| 15:17 | Queue | Villager (Male) |
| 15:41 | Queue | Villager (Male) |
| 15:46 | Research | Feudal Age |
| 17:00 | Build | Barracks |
| 17:56 | Age | Feudal Age |
| 22:44 | Build | Town Center |
| 23:13 | Build | House |
| 23:14 | Build | House |
Build order — Neebs
120 actions detected in the replay
| 0:27 | Build | Town Center |
| 1:29 | Build | House |
| 2:59 | Queue | Villager (Male) |
| 3:00 | Queue | Villager (Male) |
| 3:00 | Queue | Villager (Male) |
| 3:00 | Queue | Villager (Male) |
| 3:00 | Queue | Villager (Male) |
| 4:07 | Queue | Villager (Male) |
| 4:07 | Queue | Villager (Male) |
| 4:36 | Queue | Villager (Male) |
| 4:36 | Queue | Villager (Male) |
| 4:38 | Build | House |
| 5:05 | Queue | Villager (Male) |
| 5:06 | Queue | Villager (Male) |
| 6:14 | Queue | Villager (Male) |
| 6:14 | Queue | Villager (Male) |
| 6:14 | Queue | Villager (Male) |
| 6:14 | Queue | Villager (Male) |
| 6:34 | Queue | Villager (Male) |
| 6:35 | Queue | Villager (Male) |
| 6:35 | Queue | Villager (Male) |
| 6:35 | Queue | Villager (Male) |
| 7:05 | Queue | Villager (Male) |
| 7:05 | Queue | Villager (Male) |
| 7:05 | Queue | Villager (Male) |
| 7:22 | Build | House |
| 7:27 | Queue | Villager (Male) |
| 7:58 | Queue | Villager (Male) |
| 8:00 | Build | Lumber Camp |
| 9:10 | Build | House |
| 9:55 | Build | House |
| 10:11 | Build | Mill |
| 10:54 | Queue | Villager (Male) |
| 10:55 | Queue | Villager (Male) |
| 11:18 | Research | Feudal Age |
| 11:18 | Research | Feudal Age |
| 11:43 | Build | Mining Camp |
| 12:05 | Build | House |
| 12:28 | Build | Barracks |
| 12:33 | Queue | Villager (Male) |
| 12:35 | Research | Loom |
| 12:36 | Research | Loom |
| 12:36 | Queue | Villager (Male) |
| 13:05 | Build | House |
| 13:40 | Queue | Villager (Male) |
| 13:54 | Age | Feudal Age |
| 14:05 | Build | Blacksmith |
| 14:15 | Build | Archery Range |
| 14:59 | Research | Castle Age |
| 14:59 | Research | Castle Age |
| 15:07 | Research | Double-Bit Axe |
| 15:08 | Research | Double-Bit Axe |
| 15:11 | Build | Archery Range |
| 15:13 | Queue | Archer |
| 15:45 | Research | Fletching |
| 15:45 | Research | Fletching |
| 16:13 | Queue | Archer |
| 16:25 | Research | Gold Mining |
| 16:47 | Queue | Archer |
| 17:02 | Queue | Archer |
| 17:38 | Queue | Archer |
| 17:39 | Age | Castle Age |
| 17:52 | Research | Crossbowman (upgrade) |
| 17:53 | Research | Crossbowman (upgrade) |
| 18:27 | Queue | Archer |
| 18:27 | Queue | Archer |
| 18:38 | Queue | Villager (Male) |
| 18:38 | Queue | Villager (Male) |
| 18:51 | Queue | Archer |
| 19:04 | Queue | Villager (Male) |
| 19:24 | Build | Town Center |
| 19:52 | Queue | Villager (Male) |
| 19:53 | Queue | Villager (Male) |
| 19:53 | Queue | Villager (Male) |
| 19:59 | Queue | Archer |
| 19:59 | Queue | Archer |
| 20:27 | Queue | Villager (Male) |
| 20:27 | Queue | Villager (Male) |
| 20:49 | Queue | Archer |
| 20:50 | Queue | Archer |
| 20:55 | Queue | Villager (Male) |
| 20:55 | Queue | Villager (Male) |
| 20:55 | Queue | Villager (Male) |
| 20:55 | Queue | Villager (Male) |
| 21:00 | Build | Town Center |
| 21:07 | Queue | Archer |
| 21:07 | Queue | Archer |
| 21:18 | Build | Farm |
| 21:18 | Build | Farm |
| 21:19 | Build | Farm |
| 21:22 | Build | Farm |
| 21:23 | Build | Farm |
| 21:39 | Research | Loom |
| 21:39 | Research | Loom |
| 21:43 | Build | House |
| 21:55 | Queue | Villager (Male) |
| 21:55 | Queue | Villager (Male) |
| 21:56 | Queue | Villager (Male) |
| 21:59 | Build | Farm |
| 22:12 | Queue | Archer |
| 22:12 | Queue | Archer |
| 22:21 | Build | House |
| 22:22 | Build | House |
| 22:26 | Build | Farm |
| 23:02 | Queue | Archer |
| 23:02 | Queue | Archer |
| 23:05 | Queue | Villager (Male) |
| 23:06 | Queue | Villager (Male) |
| 23:06 | Queue | Villager (Male) |
| 23:06 | Queue | Villager (Male) |
| 23:07 | Queue | Villager (Male) |
| 23:07 | Queue | Villager (Male) |
| 23:11 | Build | House |
| 23:12 | Build | House |
| 23:42 | Queue | Archer |
| 23:43 | Queue | Archer |
| 23:48 | Research | Bodkin Arrow |
| 23:55 | Build | Farm |
| 24:03 | Queue | Archer |
| 24:03 | Queue | Archer |
Build order — 蓝瑞集团
97 actions detected in the replay
| 1:42 | Build | Town Center |
| 2:05 | Build | Lumber Camp |
| 3:45 | Queue | Villager (Male) |
| 3:45 | Queue | Villager (Male) |
| 3:45 | Queue | Villager (Male) |
| 3:46 | Queue | Villager (Male) |
| 3:46 | Queue | Villager (Male) |
| 3:46 | Queue | Villager (Male) |
| 5:27 | Queue | Villager (Male) |
| 5:28 | Queue | Villager (Male) |
| 5:28 | Queue | Villager (Male) |
| 5:28 | Queue | Villager (Male) |
| 6:21 | Queue | Villager (Male) |
| 6:21 | Queue | Villager (Male) |
| 6:21 | Queue | Villager (Male) |
| 6:22 | Queue | Villager (Male) |
| 7:03 | Build | Lumber Camp |
| 7:24 | Research | Loom |
| 7:49 | Queue | Villager (Male) |
| 7:49 | Queue | Villager (Male) |
| 7:49 | Queue | Villager (Male) |
| 7:49 | Queue | Villager (Male) |
| 8:16 | Queue | Villager (Male) |
| 8:16 | Queue | Villager (Male) |
| 8:17 | Queue | Villager (Male) |
| 9:05 | Build | Palisade Wall |
| 9:12 | Build | Palisade Wall |
| 9:18 | Build | Mining Camp |
| 9:33 | Build | Mining Camp |
| 10:29 | Queue | Villager (Male) |
| 10:29 | Queue | Villager (Male) |
| 10:30 | Queue | Villager (Male) |
| 10:30 | Queue | Villager (Male) |
| 10:30 | Queue | Villager (Male) |
| 10:59 | Build | Mill |
| 11:31 | Build | Mining Camp |
| 11:43 | Build | Mining Camp |
| 11:55 | Build | Mining Camp |
| 12:10 | Build | Mining Camp |
| 12:39 | Queue | Villager (Male) |
| 13:05 | Queue | Villager (Male) |
| 13:09 | Build | Mining Camp |
| 13:42 | Research | Feudal Age |
| 13:43 | Research | Feudal Age |
| 14:03 | Build | Barracks |
| 14:26 | Build | Palisade Wall |
| 14:29 | Build | Palisade Wall |
| 14:34 | Build | Palisade Gate |
| 14:38 | Build | Palisade Wall |
| 14:42 | Build | Palisade Wall |
| 15:52 | Age | Feudal Age |
| 15:55 | Queue | Villager (Male) |
| 15:55 | Queue | Villager (Male) |
| 15:59 | Build | Stable |
| 16:01 | Build | Stable |
| 16:21 | Queue | Villager (Male) |
| 16:35 | Build | Blacksmith |
| 16:41 | Queue | Scout Cavalry |
| 16:42 | Queue | Scout Cavalry |
| 16:42 | Queue | Scout Cavalry |
| 16:42 | Queue | Scout Cavalry |
| 16:43 | Queue | Scout Cavalry |
| 16:45 | Research | Bloodlines |
| 16:50 | Queue | Villager (Male) |
| 16:51 | Queue | Villager (Male) |
| 17:10 | Research | Forging |
| 17:10 | Research | Scale Barding Armor |
| 17:38 | Research | Scale Barding Armor |
| 17:38 | Research | Scale Barding Armor |
| 17:56 | Build | Mill |
| 18:01 | Queue | Villager (Male) |
| 18:01 | Queue | Villager (Male) |
| 18:01 | Queue | Villager (Male) |
| 18:43 | Research | Double-Bit Axe |
| 18:43 | Research | Double-Bit Axe |
| 18:43 | Research | Double-Bit Axe |
| 18:44 | Research | Double-Bit Axe |
| 18:44 | Research | Double-Bit Axe |
| 18:46 | Queue | Villager (Male) |
| 18:46 | Queue | Villager (Male) |
| 18:46 | Queue | Villager (Male) |
| 18:47 | Queue | Villager (Male) |
| 19:04 | Queue | Villager (Male) |
| 19:05 | Queue | Villager (Male) |
| 20:03 | Queue | Villager (Male) |
| 20:03 | Queue | Villager (Male) |
| 20:03 | Queue | Villager (Male) |
| 20:04 | Queue | Villager (Male) |
| 20:04 | Queue | Villager (Male) |
| 21:55 | Build | Stable |
| 21:57 | Build | Stable |
| 22:16 | Research | Castle Age |
| 22:17 | Research | Castle Age |
| 22:31 | Research | Horse Collar |
| 22:31 | Research | Horse Collar |
| 22:35 | Build | Mill |
| 22:52 | Queue | Villager (Male) |
Build order — 我是好人
102 actions detected in the replay
| 0:40 | Build | Town Center |
| 3:00 | Build | House |
| 3:18 | Queue | Villager (Male) |
| 3:18 | Queue | Villager (Male) |
| 3:19 | Queue | Villager (Male) |
| 3:19 | Queue | Villager (Male) |
| 3:19 | Queue | Villager (Male) |
| 3:19 | Queue | Villager (Male) |
| 4:04 | Build | House |
| 4:53 | Queue | Villager (Male) |
| 4:53 | Queue | Villager (Male) |
| 5:03 | Queue | Villager (Male) |
| 5:03 | Queue | Villager (Male) |
| 5:46 | Queue | Villager (Male) |
| 5:48 | Queue | Villager (Male) |
| 5:48 | Queue | Villager (Male) |
| 6:00 | Queue | Villager (Male) |
| 6:00 | Queue | Villager (Male) |
| 6:00 | Queue | Villager (Male) |
| 6:39 | Build | House |
| 6:51 | Queue | Villager (Male) |
| 6:51 | Queue | Villager (Male) |
| 7:06 | Queue | Villager (Male) |
| 7:07 | Queue | Villager (Male) |
| 7:07 | Queue | Villager (Male) |
| 7:07 | Queue | Villager (Male) |
| 7:14 | Build | Mill |
| 7:25 | Research | Loom |
| 7:26 | Queue | Villager (Male) |
| 7:26 | Queue | Villager (Male) |
| 7:26 | Queue | Villager (Male) |
| 7:26 | Queue | Villager (Male) |
| 7:48 | Queue | Villager (Male) |
| 8:17 | Queue | Villager (Male) |
| 8:38 | Queue | Villager (Male) |
| 8:43 | Build | Lumber Camp |
| 8:55 | Build | House |
| 8:57 | Queue | Villager (Male) |
| 9:11 | Queue | Villager (Male) |
| 9:39 | Build | House |
| 9:58 | Queue | Villager (Male) |
| 10:31 | Build | Mining Camp |
| 10:35 | Queue | Villager (Male) |
| 11:39 | Research | Feudal Age |
| 12:40 | Build | Barracks |
| 13:49 | Age | Feudal Age |
| 13:52 | Queue | Villager (Male) |
| 14:03 | Build | Stable |
| 14:21 | Build | Blacksmith |
| 14:22 | Queue | Villager (Male) |
| 14:33 | Queue | Villager (Male) |
| 15:17 | Research | Castle Age |
| 15:40 | Research | Double-Bit Axe |
| 15:55 | Queue | Scout Cavalry |
| 16:03 | Build | Farm |
| 16:04 | Build | Farm |
| 16:05 | Build | Farm |
| 16:06 | Build | Farm |
| 16:15 | Research | Horse Collar |
| 16:45 | Build | House |
| 16:46 | Build | House |
| 17:23 | Build | Stable |
| 17:57 | Age | Castle Age |
| 18:04 | Queue | Steppe Lancer |
| 18:08 | Research | Bloodlines |
| 18:14 | Build | Farm |
| 18:17 | Build | Farm |
| 18:18 | Queue | Villager (Male) |
| 18:19 | Queue | Villager (Male) |
| 18:29 | Queue | Steppe Lancer |
| 18:35 | Queue | Villager (Male) |
| 18:54 | Queue | Steppe Lancer |
| 18:54 | Queue | Steppe Lancer |
| 19:11 | Queue | Steppe Lancer |
| 19:11 | Queue | Steppe Lancer |
| 19:31 | Build | Town Center |
| 19:50 | Queue | Villager (Male) |
| 20:14 | Queue | Villager (Male) |
| 20:36 | Queue | Steppe Lancer |
| 20:36 | Queue | Steppe Lancer |
| 20:42 | Build | Farm |
| 20:46 | Build | Farm |
| 20:47 | Queue | Villager (Male) |
| 21:10 | Queue | Villager (Male) |
| 21:22 | Build | Farm |
| 21:39 | Queue | Villager (Male) |
| 21:42 | Build | Farm |
| 22:28 | Queue | Steppe Lancer |
| 22:28 | Queue | Steppe Lancer |
| 22:39 | Queue | Villager (Male) |
| 22:39 | Queue | Villager (Male) |
| 22:43 | Queue | Villager (Male) |
| 22:46 | Build | Farm |
| 22:48 | Queue | Villager (Male) |
| 23:10 | Build | Town Center |
| 23:14 | Queue | Villager (Male) |
| 23:49 | Build | House |
| 23:49 | Build | House |
| 23:53 | Research | Scale Barding Armor |
| 24:00 | Queue | Steppe Lancer ×2 |
| 24:00 | Queue | Steppe Lancer ×2 |
| 24:06 | Build | Farm |
Build order — Camsera
132 actions detected in the replay
| 0:04 | Build | Town Center |
| 2:21 | Build | Palisade Wall |
| 2:24 | Build | Palisade Wall |
| 2:33 | Build | Palisade Wall |
| 2:46 | Build | Palisade Wall |
| 2:54 | Research | Loom |
| 3:22 | Queue | Villager (Male) |
| 3:22 | Queue | Villager (Male) |
| 3:48 | Queue | Villager (Male) |
| 4:16 | Queue | Villager (Male) |
| 4:16 | Queue | Villager (Male) |
| 4:44 | Queue | Villager (Male) |
| 4:44 | Queue | Villager (Male) |
| 4:56 | Build | Lumber Camp |
| 5:11 | Queue | Villager (Male) |
| 5:12 | Queue | Villager (Male) |
| 5:27 | Queue | Villager (Male) |
| 5:38 | Build | House |
| 6:00 | Queue | Villager (Male) |
| 6:00 | Queue | Villager (Male) |
| 6:09 | Queue | Villager (Male) |
| 6:10 | Queue | Villager (Male) |
| 7:10 | Queue | Villager (Male) |
| 7:11 | Queue | Villager (Male) |
| 7:11 | Queue | Villager (Male) |
| 7:11 | Queue | Villager (Male) |
| 7:49 | Build | House |
| 7:51 | Build | House |
| 8:16 | Queue | Villager (Male) |
| 8:27 | Build | Mill |
| 9:16 | Research | Feudal Age |
| 9:33 | Build | Barracks |
| 10:04 | Build | House |
| 10:13 | Build | Palisade Wall |
| 10:14 | Build | Palisade Wall |
| 10:15 | Build | Palisade Wall |
| 10:29 | Build | Palisade Wall |
| 10:46 | Queue | Villager (Male) |
| 10:46 | Queue | Villager (Male) |
| 11:26 | Age | Feudal Age |
| 11:28 | Build | Archery Range |
| 11:43 | Research | Double-Bit Axe |
| 12:13 | Queue | Villager (Male) |
| 12:23 | Queue | Archer |
| 12:23 | Queue | Archer |
| 12:49 | Queue | Archer |
| 13:01 | Build | Blacksmith |
| 13:13 | Queue | Archer |
| 13:14 | Queue | Archer |
| 13:32 | Queue | Archer |
| 13:33 | Queue | Archer |
| 13:49 | Queue | Villager (Male) |
| 13:49 | Queue | Villager (Male) |
| 13:56 | Research | Fletching |
| 13:59 | Queue | Archer |
| 14:29 | Queue | Archer |
| 14:29 | Queue | Archer |
| 14:32 | Build | Archery Range |
| 14:49 | Queue | Villager (Male) |
| 14:54 | Queue | Villager (Male) |
| 14:54 | Queue | Villager (Male) |
| 15:08 | Queue | Archer |
| 15:29 | Queue | Villager (Male) |
| 15:29 | Queue | Villager (Male) |
| 15:42 | Research | Padded Archer Armor |
| 15:46 | Queue | Archer |
| 15:46 | Queue | Archer |
| 16:06 | Queue | Villager (Male) |
| 16:06 | Queue | Villager (Male) |
| 16:06 | Queue | Villager (Male) |
| 16:10 | Build | House |
| 16:14 | Queue | Archer |
| 16:14 | Queue | Archer |
| 16:23 | Research | Horse Collar |
| 16:28 | Build | Farm |
| 16:28 | Build | Farm |
| 16:29 | Build | Farm |
| 16:35 | Build | Farm |
| 16:35 | Build | Farm |
| 16:35 | Build | Farm |
| 16:45 | Build | Farm |
| 16:45 | Build | Farm |
| 16:45 | Build | Farm |
| 16:45 | Build | Farm |
| 16:53 | Queue | Archer |
| 16:53 | Queue | Archer |
| 17:17 | Queue | Villager (Male) |
| 17:17 | Queue | Villager (Male) |
| 17:26 | Queue | Archer |
| 17:26 | Queue | Archer |
| 17:32 | Build | Mill |
| 17:33 | Build | Farm |
| 17:33 | Build | Farm |
| 17:33 | Build | Farm |
| 17:38 | Queue | Archer |
| 17:50 | Build | House |
| 17:50 | Build | House |
| 17:51 | Build | House |
| 17:51 | Build | House |
| 18:07 | Queue | Archer |
| 18:08 | Queue | Archer |
| 18:28 | Queue | Archer |
| 18:28 | Queue | Archer |
| 18:35 | Build | House |
| 18:36 | Build | House |
| 18:36 | Build | House |
| 18:37 | Build | House |
| 18:40 | Queue | Archer |
| 18:41 | Queue | Archer |
| 18:55 | Queue | Villager (Male) |
| 18:55 | Queue | Villager (Male) |
| 19:23 | Queue | Archer |
| 19:31 | Queue | Villager (Male) |
| 19:31 | Queue | Villager (Male) |
| 19:57 | Queue | Archer |
| 19:57 | Queue | Archer |
| 20:26 | Build | Watch Tower |
| 20:44 | Build | Mining Camp |
| 21:05 | Build | Market |
| 21:38 | Build | Palisade Wall |
| 21:56 | Queue | Archer |
| 21:58 | Queue | Archer |
| 22:18 | Research | Castle Age |
| 22:22 | Queue | Archer |
| 22:22 | Queue | Archer |
| 22:31 | Queue | Archer |
| 22:32 | Queue | Archer |
| 22:41 | Build | Farm |
| 23:12 | Queue | Villager (Male) |
| 23:13 | Queue | Villager (Male) |
| 23:18 | Queue | Archer |
| 23:19 | Queue | Archer |
Match timeline
| 2:21 | Camsera · wall_segment Palisade Wall x1 |
| 2:24 | Camsera · wall_segment Palisade Wall x1 |
| 2:33 | Camsera · wall_segment Palisade Wall x1 |
| 2:46 | Camsera · wall_segment Palisade Wall x1 |
| 9:05 | 蓝瑞集团 · wall_segment Palisade Wall x1 |
| 9:12 | 蓝瑞集团 · wall_segment Palisade Wall x1 |
| 9:33 | Camsera · first_building Barracks |
| 9:51 | Wicho · wall_segment Palisade Wall x6 |
| 10:13 | Camsera · wall_segment Palisade Wall x5 |
| 10:14 | Camsera · wall_segment Palisade Wall x1 |
| 10:15 | Camsera · wall_segment Palisade Wall x1 |
| 10:27 | Wicho · wall_segment Palisade Wall x6 |
| 10:29 | Camsera · wall_segment Palisade Wall x1 |
| 10:48 | ImperialSheep · first_building Barracks |
| 11:26 | Camsera · age_up feudal |
| 11:27 | Wicho · wall_segment Palisade Wall x4 |
| 11:28 | ImperialSheep · age_up feudal |
| 11:28 | Camsera · first_building Archery Range |
| 11:44 | ImperialSheep · first_building Archery Range |
| 12:00 | Wicho · wall_segment Palisade Wall x3 |
| 12:28 | Neebs · first_building Barracks |
| 12:36 | ImperialSheep · wall_segment Palisade Wall x8 |
| 12:38 | ImperialSheep · wall_segment Palisade Wall x4 |
| 12:40 | 我是好人 · first_building Barracks |
| 12:43 | Wicho · wall_segment Palisade Wall x1 |
| 12:44 | Wicho · wall_segment Palisade Wall x1 |
| 13:09 | Wicho · wall_segment Palisade Wall x1 |
| 13:09 | Wicho · wall_segment Palisade Wall x1 |
| 13:17 | dbaz84 · age_up feudal |
| 13:30 | Wicho · age_up feudal |
| 13:49 | 我是好人 · age_up feudal |
| 13:54 | Neebs · age_up feudal |
| 14:03 | 蓝瑞集团 · first_building Barracks |
| 14:03 | 我是好人 · first_building Stable |
| 14:15 | Neebs · first_building Archery Range |
| 14:25 | Wicho · wall_segment Palisade Wall x6 |
| 14:26 | 蓝瑞集团 · wall_segment Palisade Wall x5 |
| 14:29 | 蓝瑞集团 · wall_segment Palisade Wall x4 |
| 14:38 | 蓝瑞集团 · wall_segment Palisade Wall x1 |
| 14:42 | 蓝瑞集团 · wall_segment Palisade Wall x1 |
| 15:24 | dbaz84 · first_building Barracks |
| 15:52 | 蓝瑞集团 · age_up feudal |
| 15:59 | 蓝瑞集团 · first_building Stable |
| 16:34 | dbaz84 · first_building Stable |
| 17:00 | BP | Indeleble · first_building Barracks |
| 17:11 | Wicho · age_up castle |
| 17:24 | Wicho · first_building Castle |
| 17:29 | Wicho · wall_segment Palisade Wall x1 |
| 17:39 | dbaz84 · age_up castle |
| 17:39 | Neebs · age_up castle |
| 17:56 | BP | Indeleble · age_up feudal |
| 17:57 | 我是好人 · age_up castle |
| 21:38 | Camsera · wall_segment Palisade Wall x6 |
| 22:11 | ImperialSheep · first_market_buy 100 food |
| 22:15 | Camsera · first_market_sell 500 wood |
| 22:16 | Camsera · first_market_buy 100 food |
| 23:18 | Wicho · wall_segment Palisade Wall x1 |
| 23:20 | ImperialSheep · resign |
[ AI ANALYSIS · 1 CREDIT ]
What really happened in this match?
Wolo.gg analyzes every decision: build order, eco, micro, common mistakes by bracket. Personalized analysis on WhatsApp or Discord in 30 seconds.
Civ guide
Magyars
Perfil
Jugador #1830305